 Dungeon Crawl Stone Soup version 0.28-a0-119-ga52ba8600a (webtiles) character file.

Game seed: 10944220771298618274

18 lagrange the Magician (level 2, 0/21 HPs)
             Began as a Djinni Fire Elementalist on Aug 13, 2021.
             Slain by a jackal (2 damage)
             ... on level 2 of the Dungeon.
             The game lasted 00:05:29 (696 turns).

lagrange the Magician (Djinni Fire Elementalist)     Turns: 696, Time: 00:05:29

Health: 0/21       AC:  3    Str:  7    XL:     2   Next: 90%
Gold:   46         EV: 12    Int: 16    God:
                   SH:  0    Dex: 13

rFire   + + .      SeeInvis .   c - +0 dagger
rCold   x . .      Faith    .   (no shield)
rNeg    . . .      Spirit   .   a - +0 robe
rPois   ∞          Reflect  .   (no helmet)
rElec   .          Harm     .   (no cloak)
rCorr   .          Rampage  .   i - +0 pair of gloves
Will    .....                   (boots unavailable)
Stlth   ++........              (no amulet)
HPRegen 0.07/turn               (no ring)
MPRegen 0.00/turn               (no ring)

@: brilliant, flying
A: sickness immunity, fire resistance 2, cold vulnerability 1, float, innate
caster, hp casting, extra vitality 1
a: no special abilities


You were on level 2 of the Dungeon.
You visited 1 branch of the dungeon, and saw 2 of its levels.

You collected 46 gold pieces.

Inventory:

Hand Weapons
 c - a +0 dagger (weapon)
Armour
 a - a +0 robe (worn)
 i - a +0 pair of gloves (worn)
Jewellery
 h - a +6 ring of strength
Scrolls
 e - 2 scrolls of identify {unknown}
 f - a scroll of blinking {unknown}
Potions
 d - a potion of cancellation {unknown}
 g - a potion of curing {unknown}


   Skills:
 + Level 2.4 Dodging
 + Level 1.8 Stealth
 + Level 2.9 Spellcasting


You couldn't memorise any spells.
You knew the following spells:

 Your Spells              Type           Power      Damage    Failure   Level
a - Foxfire               Conj/Fire      68%        2x1d7     6%          1
b - Conjure Flame         Conj/Fire      17%        6-21      17%         3
c - Inner Flame           Hex/Fire       17%        N/A       17%         3
d - Sticky Flame          Conj/Fire      17%        2d4       50%         4
e - Fireball              Conj/Fire      8%         3d6       85%         5
Your spell library was empty.

Dungeon Overview and Level Annotations

Branches:
Dungeon (2/15)

Altars:


Innate Abilities, Weirdness & Mutations

You are immune to sickness and miasma.
You are immune to poison.
Your flesh is very heat resistant. (rF++)
You are vulnerable to cold. (rC-)
You float through the air rather than walking.
You learn spells naturally, not from books.
Your magical power is your life essence.
You have superior vitality. (+4 HP)


Message History

The jackal is severely wounded.
The jackal barely misses you.
Your foxfire dissipates!
The jackal bites you but does no damage.
Casting: Foxfire (safe; 6% risk of failure)
Confirm with . or Enter, or press ? or * to list all spells.
You conjure some foxfire!
The jackal bites you. x2; The jackal misses you.
The jackal barely misses you.
Your foxfire dissipates!
The foxfire hits the jackal but does no damage.
The adder barely misses you.
Casting: Foxfire (safe; 6% risk of failure)
Confirm with . or Enter, or press ? or * to list all spells.
You don't know that spell.
The jackal barely misses you. The adder bites you but does no damage.
Casting: Foxfire (safe; 6% risk of failure)
Confirm with . or Enter, or press ? or * to list all spells.
You conjure some foxfire!
The jackal bites you.
* * * LOW HITPOINT WARNING * * *
The jackal bites you but does no damage.
The adder bites you.
* * * LOW HITPOINT WARNING * * *
The jackal bites you.
* * * LOW HITPOINT WARNING * * *
The foxfire hits the adder.
The adder is severely wounded.
The foxfire hits the adder.
The adder is almost dead.
The jackal barely misses you.
It was a potion of brilliance.
You feel clever all of a sudden. The adder barely misses you.
The adder bites you.
* * * LOW HITPOINT WARNING * * *
The jackal misses you. The jackal barely misses you.
The jackal closely misses you. The jackal barely misses you.
The jackal bites you.
* * * LOW HITPOINT WARNING * * *
The jackal bites you.
You die...

# ..#.....#.#
#.#.......#.######
.....####....S...#
.....####.#.####.#
#.......†...# #S#
.....##...### #.#
... #.#.# #h# .
#.#.# #h# #.#.#
#@# ....# #.#
##.### #.# #.# #.#
#.# #.# #>#
#.#######. #.#
#.<.......
#########.


You could see an adder and 2 jackals.

Vanquished Creatures
  A worm (D:2)
  A dart slug (D:2)
  A bat (D:1)
  A goblin (D:1)
  A jackal (D:2)
  4 frilled lizards (D:1)
  3 kobolds (D:1)
  3 rats (D:1)
15 creatures vanquished.

Vanquished Creatures (others)
  31 foxfires
31 creatures vanquished.

Grand Total: 46 creatures vanquished

Notes
Turn   | Place    | Note
-------+----------+-------------------------------------------
     0 | D:1      | lagrange the Djinni Fire Elementalist began the quest for
                  | the Orb.
     0 | D:1      | Reached XP level 1. HP: 15/15 MP: 0/0
   271 | D:1      | Reached XP level 2. HP: 16/21 MP: 0/0
   639 | D:2      | Found a faded altar of an unknown god.
   696 | D:2      | Slain by a jackal

Illustrated notes

Levels and vault maps discovered:
D:1:      pf_arrival_petrified_forest, layout_rooms, serial_bayou_pond_c
D:2:      minmay_spotlight, layout_loops_ring,
          hellmonk_ecumenical_altar_pennies_from_heaven, nrook_mini_vaults,
          kennysheep_small_spiral

Action                   || total
-------------------------++-------
Melee: Dagger            ||     9
       Unarmed           ||     2
 Cast: Foxfire           ||    21
  Use: Potion            ||     1
 Stab: Sleeping          ||     1
Armor: Robe              ||     8
Dodge: Dodged            ||    24

Table legend: (Time is in decaauts)
 A = Elapsed time spent in this place.
 B = Non-inter-level travel time spent in this place.
 C = Inter-level travel time spent in this place.
 D = Time resting spent in this place.
 E = Time spent auto-exploring this place.
 F = Levels seen in this place.
 G = Mean time per level.
                   A        B        C        D        E       F      G
               +--------+--------+--------+--------+--------+-----+--------+
         Total |    695 |    665 |     30 |     72 |    394 |   2 |  347.5 |
       Dungeon |    695 |    665 |     30 |     72 |    394 |   2 |  347.5 |
               +--------+--------+--------+--------+--------+-----+--------+

Top non-repeatable levels by time:
     D:1: 619 daAuts
     D:2: 75 daAuts
